 Dungeon Crawl Stone Soup version 0.25.1-8-g42b30a86e7 (webtiles) character file.

Game seed: 15060789696169854131

74 Clowwww the Chopper (level 4, 0/34 HPs)
             Began as a Demonspawn Gladiator on Dec 8, 2020.
             Succumbed to an adder's poison
             ... on level 3 of the Dungeon.
             The game lasted 00:03:40 (1791 turns).

Clowwww the Chopper (Demonspawn Gladiator)          Turns: 1791, Time: 00:03:41

Health: 0/34       AC: 11    Str: 16    XL:     4   Next: 9%
Magic:  4/4        EV: 13    Int:  9    God:
Gold:   80         SH:  0    Dex: 14    Spells: 3/3 levels left

rFire    . . .     SeeInvis .   a - +0 war axe
rCold    . . .     Gourm    .   (no shield)
rNeg     . . .     Faith    .   b - +0 leather armour
rPois    .         Spirit   .   c - +0 helmet
rElec    .         Reflect  .   e - +0 cloak
rCorr    .         Harm     .   (no gloves)
MR       .....                  (no boots)
Stlth    +.........             (no amulet)
HPRegen  0.11/turn              (no ring)
MPRegen  0.09/turn              (no ring)

@: lethally poisoned (0 -> -4), sanguine armour
A: sanguine armour 1
a: no special abilities


You were on level 3 of the Dungeon.
You were not hungry.

You visited 1 branch of the dungeon, and saw 3 of its levels.

You collected 80 gold pieces.

Inventory:

Hand Weapons
 a - a +0 war axe (weapon)
Missiles
 d - 2 throwing nets (quivered)
Armour
 b - a +0 leather armour (worn)
 c - a +0 helmet (worn)
 e - a +0 cloak (worn)
Scrolls
 h - 6 scrolls of remove curse {unknown}
 i - a scroll of enchant armour {unknown}
 k - 3 scrolls of identify {unknown}
 l - a scroll of blinking {unknown}
 m - a scroll of noise {unknown}
 n - 2 scrolls of fear {unknown}
Potions
 j - a potion of curing {unknown}
Comestibles
 f - 5 rations


   Skills:
 + Level 2.6 Fighting
 + Level 3.6 Axes
 + Level 1.7 Throwing
 + Level 0.3 Armour
 + Level 3.2 Dodging
 + Level 0.5 Stealth


You had 3 spell levels left.
You didn't know any spells.
Your spell library was empty.

Dungeon Overview and Level Annotations

Branches:
Dungeon (3/15)

Altars:


Innate Abilities, Weirdness & Mutations

When seriously injured, your bleeding wounds create armour. (AC +6)


Message History

You kill the orc!
You barely miss the hobgoblin.
You hear a shout!
The hobgoblin closely misses you.
An orc comes into view. It is wielding a +0 mace.
An adder comes into view.
The adder hisses angrily.
The adder closely misses you.
The orc priest invokes the aid of Beogh against you.
Beogh smites you!
Your blood congeals into armour.
The orc priest mumbles some strange prayers to Beogh against you.
Beogh smites you!
* * * LOW HITPOINT WARNING * * *
The adder bites you but does no damage. The adder bites you.
* * * LOW HITPOINT WARNING * * *
You are lethally poisoned!
The adder poisons you!
It was a potion of cancellation.
You feel magically purged.
You die...

....#.# #.........#
....#.# #.........#
#..#.# #.........#
##..#.#### #......<..#
#...)....# #.........#
.........# #..##.#####
#........###
####.###.#
........o..## #....#
#.#
#.#....###..####@####
#.# #.#....###..o..S.#
#.# #.#.....##.....g.#
#.# .....>...#.......#
#.#
.................##
#.#
#.#..................
#.#..................
#.....................
......................


You could see an adder, an orc and a hobgoblin.

Vanquished Creatures
  Crazy Yiuf (D:2)
  A worm (D:2)
  2 dart slugs (D:1)
  A leopard gecko (D:2)
  An orc (D:3)
  A ball python (D:1)
  7 bats
  2 giant cockroaches
  9 goblins
  3 hobgoblins
  A quokka (D:2)
  A frilled lizard (D:2)
  2 kobolds
  4 rats
36 creatures vanquished.

Notes
Turn   | Place    | Note
-------+----------+-------------------------------------------
     0 | D:1      | Clowwww the Demonspawn Gladiator began the quest for the
                  | Orb.
     0 | D:1      | Reached XP level 1. HP: 16/16 MP: 1/1
   179 | D:1      | Gained mutation: When seriously injured, your bleeding
                  | wounds create armour. (AC +6) [demonic ancestry]
   179 | D:1      | Reached XP level 2. HP: 15/22 MP: 2/2
   816 | D:2      | Reached XP level 3. HP: 28/28 MP: 3/3
   983 | D:2      | Found a runed translucent door.
   984 | D:2      | Noticed Crazy Yiuf
  1570 | D:2      | Killed Crazy Yiuf
  1570 | D:2      | Reached XP level 4. HP: 24/34 MP: 4/4
  1790 | D:3      | HP: 1/34 [adder (3)]
  1791 | D:3      | Succumbed to an adder's poison

Illustrated notes

Levels and vault maps discovered:
D:1:      minmay_arrival_split_and_join, layout_rooms
D:2:      layout_basic, uniq_crazy_yiuf_cottage
D:3:      layout_rooms, vehumet_crystals, chequers_ecumenical_altar_simple_redux

Skill      XL: |  1  2 |
---------------+-------+-----
Dodging        | 3 |  3.2
Axes           | 3 |  3.6
Fighting       | |  2.6
Throwing       | |  1.7
Armour         | |  0.3
Stealth        | |  0.5

Action                   |  1- 3 |  4- 6 || total
-------------------------+-------+-------++-------
Melee: War axe           |   111 |     5 ||   116
Throw: Throwing net      |     2 |       ||     2
  Use: Potion            |       |     1 ||     1
 Stab: Held in net/web   |     4 |       ||     4
  Eat: Chunk             |     2 |     1 ||     3
Armor: Leather armour    |    40 |     3 ||    43
Dodge: Dodged            |   111 |     8 ||   119
